 Dungeon Crawl Stone Soup version 0.29.1-1-gd02db6906a (webtiles) character file.

Game seed: 8605238343715061777

100031 Icepheonix32 the Scorcher (level 15, -7/110 HPs)
             Began as a Black Draconian Fire Elementalist on Sept 23, 2022.
             Was the Champion of Qazlal.
             Mangled by a large abomination (16 damage)
             ... on level 2 of the Abyss.
             The game lasted 01:48:30 (36034 turns).

Icepheonix32 the Scorcher (DrFE)                   Turns: 36034, Time: 01:48:31

Health: -7/110     AC: 31    Str: 11    XL:     15   Next: 79%
Magic:  3/33       EV: 15    Int: 20    God:    Qazlal [******]
Gold:   1230       SH:  8    Dex: 16    Spells: 6/42 levels left

rFire   . . .      SeeInvis .   Y - +2 Maxwell's thermic engine {flame, freeze}
rCold   . . .      Faith    .   (no shield)
rNeg    . . .      Spirit   .   (body armour unavailable)
rPois   .          Reflect  .   Z - +1 hat
rElec   +          Harm     .   x - +1 cloak
rCorr   .          Rampage  .   h - +0 pair of gloves
Will    +....                   W - +1 pair of boots
Stlth   +.........              H - amulet of magic regeneration
HPRegen 0.28/turn               b - +4 ring of protection
MPRegen 0.63/turn               s - ring of the Tortoise {AC+8}

@: protected from physical damage, flying, hasted, repel missiles, very quick
A: breathe lightning, AC +9, unfitting armour, big wings, electricity
resistance, cold-blooded, stinger 1, agile 1, shaggy fur 1
a: Breathe Lightning, Renounce Religion, Upheaval, Elemental Force, Disaster
Area


You were on level 2 of the Abyss.
You worshipped Qazlal.
Qazlal was exalted by your worship.
You visited 4 branches of the dungeon, and saw 23 of its levels.
You visited the Abyss 1 time.
You also visited: Ice Cave.

You collected 2751 gold pieces.
You spent 1521 gold pieces at shops.

Inventory:

Hand Weapons
 q - a +3 spear of freezing
 A - a +3 dagger of protection
 I - the +9 shortbow "Wyotinen" {freeze, rC- Int+6 Dex+2}
   (You bought it in a shop on level 2 of the Orcish Mines)

   Any ammunition fired from it freezes those it strikes, dealing additional
   cold damage.
   It can also slow down cold-blooded creatures.
   Int:       It affects your intelligence (+6).
   Dex:       It affects your dexterity (+2).
   rC:        It makes you vulnerable to cold.
 Y - the +2 Maxwell's thermic engine (weapon) {flame, freeze}
   (You found it in an ice cave)

   It burns those it strikes, dealing additional fire damage.
   Big, fiery blades are also staple armaments of hydra-hunters.
   It freezes those it strikes, dealing additional cold damage.
   It can also slow down cold-blooded creatures.
   It becomes more effective when it hits something.
   This effect fades over time.
Missiles
 e - 4 throwing nets
 t - 2 silver javelins
 T - 4 javelins
Armour
 h - a +0 pair of gloves (worn)
 x - a +1 cloak (worn)
 O - an orb of guile
 W - a +1 pair of boots (worn)
 Z - a +1 hat (worn)
Jewellery
 b - a +4 ring of protection (left hand)
 s - the ring of the Tortoise (right hand) {AC+8}
   (You found it on level 6 of the Dungeon)

   [ring of protection]

   AC:        It affects your AC (+8).
 B - an amulet of reflection
 C - a ring of see invisible
 H - an amulet of magic regeneration (around neck)
 J - a ring of resist corrosion
 P - an amulet of the acrobat
 U - a ring of protection from fire
 X - a ring of protection from cold
Wands
 j - a wand of roots (35)
 u - a wand of mindburst (21)
 y - a wand of quicksilver (24)
 E - a wand of paralysis (14)
 K - a wand of polymorph (4)
 M - a wand of digging (5)
Scrolls
 g - 5 scrolls of immolation
 l - 2 scrolls of torment
 m - 12 scrolls of teleportation
 n - 9 scrolls of identify
 r - 3 scrolls of fear
 w - 2 scrolls of fog
 D - 2 scrolls of enchant weapon
 Q - 2 scrolls of blinking
 R - 4 scrolls of poison
 S - a scroll of vulnerability
 V - a scroll of enchant armour
Potions
 a - a potion of magic
 c - 2 potions of cancellation
 d - a potion of brilliance
 f - 2 potions of lignification
 o - 3 potions of resistance
 v - a potion of berserk rage
 z - 7 potions of curing
 F - a potion of might
 G - 3 potions of ambrosia
 L - 6 potions of attraction
 N - 6 potions of haste
Miscellaneous
 i - a phial of floods
 k - a piece from Xom's chessboard (15/15)


   Skills:
 + Level 4.1 Fighting
 + Level 0.6(2.5) Short Blades
 + Level 3.9(4.0) Long Blades
 + Level 0.3 Maces & Flails
 + Level 3.7 Polearms
 + Level 3.0 Ranged Weapons
 + Level 6.4 Dodging
 + Level 3.2 Stealth
 + Level 3.4 Shields
 + Level 14.1 Spellcasting
 * Level 8.7 Conjurations
 + Level 1.7 Hexes
 + Level 3.0 Summonings
 * Level 16.4 Fire Magic
 + Level 9.6 Air Magic
 * Level 9.1 Invocations
 + Level 0.1 Evocations


You had 6 spell levels left.
You knew the following spells:

 Your Spells              Type           Power      Damage    Failure   Level
a - Foxfire               Conj/Fire      100%       2x1d9     1%          1
b - Scorch                Fire           100%       2d10      0%          2
c - Flame Wave            Conj/Fire      59%        2d14      1%          4
d - Shock                 Conj/Air       100%       1d9       1%          1
e - Swiftness             Air            52%        N/A       1%          3
f - Dazzling Flash        Conj/Hex       70%        N/A       1%          3
g - Inner Flame           Hex/Fire       50%        N/A       1%          3
h - Slow                  Hex            80%        N/A       2%          1
i - Airstrike             Air            26%        2d(4-20)  1%          4
j - Conjure Flame         Conj/Fire      59%        6-21      1%          3
k - Fireball              Conj/Fire      29%        3d13      1%          5
l - Starburst             Conj/Fire      29%        6d9       4%          6

Your spell library contained the following spells:

 Spells                   Type           Power      Damage    Failure   Level
 Freeze                   Ice            56%        1d7       4%          1
 Ensorcelled Hibernation  Hex/Ice        34%        N/A       4%          2
 Confusing Touch          Hex            20%        N/A       7%          3
 Iskenderun's Mystic Bla  Conj/Tloc      31%        2d8       8%          4
 Frozen Ramparts          Ice            28%        1d5       14%         3
 Gell's Gravitas          Tloc           14%        N/A       14%         3
 Lesser Beckoning         Tloc           14%        N/A       14%         3
 Spider Form              Tmut/Pois      14%        N/A       14%         3
 Teleport Other           Tloc           14%        N/A       14%         3
 Vampiric Draining        Necr           14%        2d7       14%         3
 Summon Ice Beast         Ice/Summ       20%        N/A       24%         4
 Anguish                  Hex/Necr       8%         N/A       32%         4
 Ice Form                 Ice/Tmut       14%        N/A       41%         4
 Iron Shot                Conj/Erth      15%        9d4       75%         6
 Blade Hands              Tmut           7%         N/A       77%         5
 Summon Cactus Giant      Summ           13%        N/A       89%         6
 Ignition                 Fire           34%        3d10      34%         8
 Enfeeble                 Hex            10%        N/A       100%        7
 Fire Storm               Conj/Fire      29%        8d8       100%        9
 Animate Armour           Summ/Erth      Unusable   N/A       N/A         4

Dungeon Overview and Level Annotations

Branches:
Dungeon (15/15)            Temple (1/1) D:4            Lair (5/5) D:8
  Swamp (0/4) Lair:3        Snake (0/4) Lair:2        Slime (0/5) Lair:4
    Orc (2/2) D:12            Elf (0/3) Orc:2        Vaults (0/5) D:14
  IceCv (visited)
 Depths: D:15

Altars:
Ashenzari
Cheibriados
Dithmenos
Elyvilon
Fedhas
Gozag
Hepliaklqana
Kikubaaqudgha
Makhleb
Nemelex Xobeh
Okawaru
Qazlal
Ru
Sif Muna
Trog
Uskayaw
Vehumet
Wu Jian
Xom
Yredelemnul
Zin
The Shining One
Jiyva

Shops:
D:12 [   Orc:1 ?   Orc:2 **((

Annotations:
D:7 1 runed translucent door, karrick's ghost, novice MeFi


Innate Abilities, Weirdness & Mutations

You can breathe wild blasts of lightning.
Your glossy black scales are hard. (AC +9)
You cannot fit into any form of body armour.
Your large and strong wings let you fly.
You are resistant to electric shocks. (rElec)
You are cold-blooded and may be slowed by cold attacks.
Your tail ends in a venomous barb.
You are agile. (Dex +4, Str/Int -1)
You are covered in fur. (AC +1)


Message History

Unknown command.
A wave of flame ripples out!
The flame wave engulfs the large abomination.
The large abomination is moderately damaged.
The flame wave engulfs the starcursed mass!
You destroy the starcursed mass!
Qazlal accepts your kill. The large abomination hits you!
* * * LOW HITPOINT WARNING * * *
You feel more protected from physical attacks.
A wave of flame ripples out!
You hear a sizzling sound!
The flame wave engulfs the large abomination.
The large abomination is moderately damaged.
The flame wave engulfs the starcursed mass!
You destroy the starcursed mass!
Qazlal accepts your kill.
You finish channelling waves of flame.
The large abomination is engulfed in freezing vapours.
The large abomination misses you.
Unknown command.
Unknown command.
Unknown command.
Unknown command.
Casting: Flame Wave (safe; 1% risk of failure)
Confirm with . or Enter, or press ? or * to list all spells.
Flames lash the large abomination.
The large abomination is heavily damaged.
The large abomination's fire resistance burns away.
Unknown command.
Unknown command.
Casting: Scorch (safe; 0% risk of failure)
Confirm with . or Enter, or press ? or * to list all spells.
Flames lash the large abomination.
The large abomination is burned terribly!
The large abomination is almost destroyed.
You hear a roar!
The large abomination is engulfed in freezing vapours.
The large abomination hits you!
You die...

. .. #.#.##.#
.. . ###. #
... . . ##...
.### . ..###
##....# ###
#.#..## . .
#...# . #
#..#...## ..#
###...#.##..#
........@)..#
.
###.####X☼...#
# ##...# #.
...# .. ....
#.. #.


You could see a large abomination (combustible).

Vanquished Creatures
  Jorgrun (D:13)
  Azrael (Orc:2)
  Snorg (Orc:1)
  A rakshasa (D:14)
  Josephine (Orc:1)
  8 hydras
  3 catoblepae
  5 centaur warriors
  3 two-headed ogres
  A thrashing horror (Abyss:2)
  3 death yaks (Lair:4)
  6 orc high priests (Orc:2)
  Urug (Lair:4)
  The ghost of Gurantaxtaxq the Geomancer, a novice GrEE of Vehumet (D:9)
  A deep elf knight (D:14)
  Amaemon (Lair:2)
  A skeletal warrior (D:15)
  A deep troll (shapeshifter) (D:13)
  3 deep elf archers (D:14)
  Pikel (D:7)
  7 orc knights
  7 ugly things
  A cyclops (D:11)
  A manticore (D:13)
  13 deep elf pyromancers
  3 deep elf zephyrmancers (D:14)
  2 wolf spiders (Lair:5)
  Maurice (Orc:1)
  3 ice statues (IceCv)
  A guardian serpent (Lair:5)
  9 black mambas
  14 elephants
  A gargoyle (D:14)
  An orange demon (Lair:2)
  A torpor snail (Lair:3)
  15 cane toads
  An efreet (Abyss:2)
  4 rime drakes
  2 tengu conjurers (D:13)
  9 komodo dragons
  9 polar bears (Lair:5)
  A meliai (D:14)
  10 trolls
  2 hornets (Lair:5)
  4 blink frogs (Lair:4)
  A tyrant leech (Lair:3)
  5 dream sheep
  10 slime creatures
  16 wyverns
  42 yaks
  5 fire elementals (Orc:1)
  6 wraiths
  2 basilisks
  16 humans (D:14)
  A redback (Lair:5)
  3 steam dragons
  A redback (shapeshifter) (D:14)
  A chaos spawn (Abyss:2)
  8 wargs
  6 nagas (Lair:2)
  2 swamp worms (Lair:3)
  3 harpy simulacra (IceCv)
  19 hell hounds
  17 water moccasins
  26 orc warriors
  A sky beast (D:8)
  2 ice beasts
  12 black bears
  5 ogres
  3 boggarts (D:14)
  35 wolves
  6 centaurs
  4 lemures
  2 phantoms
  2 kobold brigands
  11 bullfrogs
  2 necrophages
  2 cane toad simulacra (IceCv)
  A gnoll sergeant (D:4)
  A scorpion (D:5)
  14 wights
  2 small abominations (Abyss:2)
  An electric eel (D:7)
  5 howler monkeys
  7 starcursed masses (Abyss:2)
  3 hounds (D:5)
  2 gnoll boudas
  44 orc priests
  Natasha (thrice) (D:2)
  Ijyb (D:4)
  An iguana (D:7)
  15 orc wizards
  A polar bear simulacrum (IceCv)
  2 hell rats (Lair:3)
  2 wolf simulacra (IceCv)
  Robin (D:3)
  25 gnolls
  4 adders
  8 river rats (Lair:3)
  A shadow imp (D:7)
  A white imp (D:6)
  2 worms
  3 dart slugs
  84 orcs
  9 endoplasms
  5 giant cockroaches
  11 goblins
  9 hobgoblins
  4 jackals (D:1)
  4 quokkas
  10 ball pythons
  4 bats
  2 frilled lizards (D:1)
  15 kobolds
  14 rats
  2 butterflies (D:4)
  15 foxfires
  A lurking horror (Abyss:2)
782 creatures vanquished.

Vanquished Creatures (collateral kills)
  A hydra (Lair:4)
  A hornet (Lair:4)
  11 foxfires
13 creatures vanquished.

Vanquished Creatures (others)
  3068 foxfires
  26 fungi
  69 plants
3163 creatures vanquished.

Grand Total: 3958 creatures vanquished

Notes
Turn   | Place    | Note
-------+----------+-------------------------------------------
     0 | D:1      | Icepheonix32 the Draconian Fire Elementalist began the
                  | quest for the Orb.
     0 | D:1      | Reached XP level 1. HP: 14/14 MP: 3/3
   110 | D:1      | Reached XP level 2. HP: 6/20 MP: 0/5
   869 | D:1      | Reached XP level 3. HP: 18/26 MP: 0/7
  1054 | D:1      | Found a faded altar of an unknown god.
  1393 | D:2      | Found a shimmering altar of Xom.
  1752 | D:2      | Noticed Natasha
  1754 | D:2      | Reached XP level 4. HP: 33/33 MP: 4/8
  1757 | D:2      | Killed Natasha
  1786 | D:2      | Noticed Natasha
  1798 | D:2      | Killed Natasha
  1810 | D:2      | Noticed Natasha
  1819 | D:2      | Killed Natasha
  1820 | D:2      | Reached XP level 5. HP: 24/38 MP: 1/10
  2753 | D:2      | Gained mutation: Your body sometimes deteriorates upon
                  | taking damage. [potion of mutation]
  2753 | D:2      | Gained mutation: Your large and strong wings let you fly.
                  | [potion of mutation]
  2753 | D:2      | Gained mutation: You sometimes lose your temper in combat.
                  | [potion of mutation]
  2905 | D:3      | Noticed Robin
  2909 | D:3      | Killed Robin
  2921 | D:3      | Reached skill level 4 in Fire Magic
  3007 | D:3      | Reached XP level 6. HP: 26/45 MP: 0/12
  3738 | D:4      | Noticed Ijyb
  3772 | D:4      | Killed Ijyb
  4067 | D:4      | Learned a level 2 spell: Scorch
  4072 | D:4      | Learned a level 4 spell: Flame Wave
  4136 | D:4      | Found a staircase to the Ecumenical Temple.
  4145 | Temple   | Entered the Ecumenical Temple
  4177 | Temple   | Became a worshipper of Qazlal Stormbringer
  4728 | D:4      | Found a shimmering altar of Xom.
  5468 | D:5      | Entered Level 5 of the Dungeon
  5656 | D:5      | Reached skill level 5 in Spellcasting
  5778 | D:5      | Your scales start taking on a glossy black colour.
  5778 | D:5      | Reached XP level 7. HP: 51/51 MP: 8/14
  5778 | D:5      | Gained mutation: You are resistant to electric shocks.
                  | (rElec) [Black Draconian growth]
  6355 | D:5      | Reached skill level 5 in Fire Magic
  6432 | D:5      | Reached skill level 1 in Fighting
  6484 | D:5      | Reached XP level 8. HP: 32/59 MP: 2/17
  7184 | D:6      | Found the ring of the Tortoise {AC+8}
  7294 | D:6      | Reached skill level 1 in Polearms
  7581 | D:6      | Reached skill level 6 in Fire Magic
  7588 | D:6      | Reached * piety under Qazlal
  8346 | D:7      | Noticed Pikel
  8466 | D:7      | Found a shimmering altar of Xom.
  8466 | D:7      | Noticed karrick's ghost (novice MeFi)
  8467 | D:7      | Found a runed translucent door.
  8467 | D:7      | Noticed a +0 trident of chaos
  8755 | D:7      | Reached skill level 7 in Fire Magic
  9226 | D:7      | Found a radiant altar of Vehumet.
  9257 | D:7      | Reached XP level 9. HP: 58/67 MP: 15/20
  9445 | D:7      | Found a blossoming altar of Fedhas.
  9742 | D:7      | Killed Pikel
  9743 | D:7      | Reached skill level 8 in Fire Magic
  9887 | D:7      | Reached ** piety under Qazlal
 10091 | D:7      | You are sucked into a shaft and drop 1 floor!
 10805 | D:8      | Reached skill level 9 in Fire Magic
 10976 | D:8      | Found a staircase to the Lair.
 11223 | D:8      | Reached XP level 10. HP: 68/73 MP: 19/22
 11247 | D:8      | Found a sparkling altar of Nemelex Xobeh.
 11248 | D:8      | Found a basalt altar of Yredelemnul.
 11254 | D:8      | Found a sacrificial altar of Ru.
 11255 | D:8      | Found a shadowy altar of Dithmenos.
 11397 | D:8      | Identified a scroll of acquirement
 11398 | D:8      | Acquired a book of Air
 11402 | D:8      | Learned a level 1 spell: Shock
 11406 | D:8      | Learned a level 3 spell: Swiftness
 11771 | D:9      | Reached skill level 1 in Air Magic
 12031 | D:9      | Noticed Gurantaxtaxq's ghost (novice GrEE)
 12040 | D:9      | Found a runed translucent door.
 12537 | D:9      | Learned a level 6 spell: Summon Cactus Giant
 12552 | D:10     | Entered Level 10 of the Dungeon
 13011 | D:10     | Reached *** piety under Qazlal
 13054 | D:10     | Learned a level 3 spell: Inner Flame
 13926 | D:11     | Found a stormy altar of Qazlal.
 14099 | D:11     | Reached skill level 10 in Spellcasting
 14361 | D:11     | Reached skill level 10 in Fire Magic
 14364 | D:11     | Reached skill level 1 in Summonings
 14812 | D:11     | Noticed a cyclops
 14824 | D:11     | Killed a cyclops
 14825 | D:11     | Reached XP level 11. HP: 79/79 MP: 19/25
 14828 | D:11     | Learned a level 1 spell: Slow
 14969 | D:12     | Found a staircase to the Orcish Mines.
 14973 | D:12     | Noticed a six-headed hydra
 15213 | Lair:1   | Entered Level 1 of the Lair of Beasts
 15224 | Lair:1   | Reached skill level 1 in Invocations
 16112 | D:9      | Killed Gurantaxtaxq's ghost
 16269 | D:12     | Noticed a two-headed ogre
 16290 | D:11     | Killed a two-headed ogre
 16554 | D:12     | Reached skill level 5 in Air Magic
 16714 | D:12     | Reached skill level 5 in Conjurations
 16917 | D:12     | Killed a six-headed hydra
 16918 | D:12     | Reached skill level 11 in Fire Magic
 17184 | D:12     | Found Saneugeps's Antique Armour Shop.
 17187 | D:12     | Bought a pair of boots for 135 gold pieces
 17593 | D:13     | Noticed a centaur warrior
 17615 | D:13     | Killed a centaur warrior
 17781 | D:13     | Noticed a centaur warrior
 17791 | D:13     | Killed a centaur warrior
 17792 | D:13     | Reached skill level 1 in Shields
 17796 | D:13     | Reached **** piety under Qazlal
 17971 | D:13     | Noticed a deep elf pyromancer
 17973 | D:13     | Noticed a mana viper
 17988 | D:13     | Noticed a deep troll
 17992 | D:13     | Killed a deep elf pyromancer
 17993 | D:13     | Reached XP level 12. HP: 85/86 MP: 22/27
 18000 | D:13     | Noticed a centaur warrior
 18006 | D:13     | Reached skill level 12 in Fire Magic
 18007 | D:13     | Killed a centaur warrior
 18310 | D:13     | Got the Grimoire of Fetching Ice
 18630 | Lair:1   | Noticed a four-headed hydra
 18639 | Lair:1   | Killed a four-headed hydra
 18672 | Lair:1   | Learned a level 4 spell: Airstrike
 18680 | Lair:1   | Learned a level 3 spell: Conjure Flame
 19429 | Lair:2   | Noticed Amaemon
 19432 | Lair:2   | Noticed a four-headed hydra
 19472 | Lair:2   | Killed Amaemon
 19487 | Lair:2   | Killed a four-headed hydra
 19499 | Lair:2   | Reached skill level 1 in Hexes
 19633 | Lair:1   | Lost mutation: Your large and strong wings let you fly.
                  | [potion of mutation]
 19633 | Lair:1   | Lost mutation: Your body sometimes deteriorates upon taking
                  | damage. [potion of mutation]
 19633 | Lair:1   | Lost mutation: You sometimes lose your temper in combat.
                  | [potion of mutation]
 19633 | Lair:1   | Gained mutation: You are frail. (-10% HP) [potion of
                  | mutation]
 19633 | Lair:1   | Gained mutation: You sometimes lose your temper in combat.
                  | [potion of mutation]
 19634 | Lair:1   | Lost mutation: You are frail. (-10% HP) [potion of
                  | mutation]
 19634 | Lair:1   | Lost mutation: You sometimes lose your temper in combat.
                  | [potion of mutation]
 19634 | Lair:1   | Gained mutation: You occasionally lose the ability to drink
                  | potions when taking damage. [potion of mutation]
 19634 | Lair:1   | Gained mutation: Your muscles are strong. (Str +4, Int/Dex
                  | -1) [potion of mutation]
 19634 | Lair:1   | Lost mutation: Your muscles are strong. (Str +4, Int/Dex
                  | -1) [potion of mutation]
 19635 | Lair:1   | Lost mutation: You occasionally lose the ability to drink
                  | potions when taking damage. [potion of mutation]
 19635 | Lair:1   | Gained mutation: Your tail ends in a venomous barb. [potion
                  | of mutation]
 19635 | Lair:1   | Gained mutation: You are agile. (Dex +4, Str/Int -1)
                  | [potion of mutation]
 19635 | Lair:1   | Gained mutation: You are covered in fur. (AC +1) [potion of
                  | mutation]
 19781 | Lair:2   | Reached skill level 13 in Fire Magic
 19949 | Lair:2   | Reached skill level 5 in Dodging
 19972 | Lair:2   | Reached skill level 5 in Invocations
 20100 | Lair:2   | Found a staircase to the Snake Pit.
 20720 | Lair:3   | Reached ***** piety under Qazlal
 20786 | Lair:3   | Noticed a six-headed hydra
 20797 | Lair:3   | Killed a six-headed hydra
 20871 | Lair:3   | Reached XP level 13. HP: 73/93 MP: 25/29
 21877 | Lair:3   | Found a staircase to the Swamp.
 22377 | Lair:4   | Noticed Urug
 22399 | Lair:4   | Killed Urug
 22447 | Lair:4   | Reached skill level 14 in Fire Magic
 22451 | Lair:4   | Found a frozen archway.
 22507 | IceCv    | Entered an ice cave
 24596 | IceCv    | Found the +2 Maxwell's thermic engine {flame, freeze}
 24626 | IceCv    | Identified the +1 ring mail "Ico Hema" {Will+}
 25212 | Lair:4   | Found a staircase to the Slime Pits.
 25213 | Lair:4   | Found a viscous altar of Jiyva.
 25475 | Lair:4   | Got Cerebov's Teachings on Calefaction
 25512 | Lair:4   | Learned a level 5 spell: Fireball
 25576 | Lair:4   | Learned a level 3 spell: Dazzling Flash
 25583 | Lair:4   | Learned a level 6 spell: Starburst
 25656 | Lair:5   | Entered Level 5 of the Lair of Beasts
 26672 | Lair:5   | Gained mutation: Your large and strong wings let you fly.
                  | [Black Draconian growth]
 26672 | Lair:5   | Reached XP level 14. HP: 80/100 MP: 18/30
 27289 | Lair:5   | Reached skill level 1 in Long Blades
 27292 | Lair:5   | Paralysed by a hornet for 1 turns
 27418 | Lair:5   | Reached skill level 15 in Fire Magic
 28850 | Lair:5   | Found the +4 skin of Zhor {*Englaciate rC+++ SInv}
 29782 | Orc:1    | Entered Level 1 of the Orcish Mines
 29788 | Orc:1    | Noticed Maurice
 29846 | Orc:1    | Killed Maurice
 29846 | Orc:1    | Noticed Josephine
 30038 | Orc:1    | Killed Josephine
 30093 | Orc:1    | Noticed Snorg
 30105 | Orc:1    | Killed Snorg
 30272 | Orc:1    | Reached ****** piety under Qazlal
 30356 | Orc:1    | Found Ewuck's Magic Scroll Shoppe.
 30532 | Orc:2    | Entered Level 2 of the Orcish Mines
 30533 | Orc:2    | Noticed Azrael
 30641 | Orc:2    | Found a staircase to the Elven Halls.
 31592 | Orc:2    | Killed Azrael
 31864 | Orc:2    | Reached XP level 15. HP: 56/107 MP: 17/32
 32696 | Orc:2    | Found a radiant altar of Vehumet.
 32907 | Orc:2    | Found Kyuf's General Store.
 32932 | Orc:2    | Found Akhoppot's General Store.
 32933 | Orc:2    | Found Lagrau's Weapon Emporium.
 32933 | Orc:2    | Found Xegher's Antique Weapon Shoppe.
 32941 | Orc:2    | Bought a potion of heal wounds for 55 gold pieces
 32941 | Orc:2    | Bought a potion of curing for 33 gold pieces
 32963 | Orc:2    | Bought the +9 shortbow "Wyotinen" {freeze, rC- Int+6 Dex+2}
                  | for 940 gold pieces
 33194 | Orc:1    | Bought a scroll of enchant armour for 105 gold pieces
 33275 | Orc:2    | Bought 2 potions of haste for 220 gold pieces
 33275 | Orc:2    | Bought a potion of curing for 33 gold pieces
 33390 | D:14     | Noticed Jorgrun
 33409 | D:13     | HP: 2/107 [constriction (11)]
 33411 | D:13     | Killed Jorgrun
 33772 | D:14     | Found a gate to the Vaults.
 33776 | D:14     | Reached skill level 16 in Fire Magic
 33777 | D:14     | Reached skill level 1 in Ranged Weapons
 35622 | D:14     | Identified the +2 scale mail of the Vestibule of Hell
                  | {Str+3 Dex+3}
 35807 | D:15     | Entered Level 15 of the Dungeon
 35924 | Abyss:2  | Cast into level 2 of the Abyss (a wizard)
 36034 | Abyss:2  | Mangled by a large abomination

Illustrated notes

Levels and vault maps discovered:
D:1:      tarquinn_simple_flora_water_b, layout_basic,
          hellmonk_ecumenical_altar_leap_of_faith
D:2:      layout_basic, basic_altar, minmay_surrounded, uniq_natasha
D:3:      layout_rooms, chequers_serial_rivers_micro_b,
          corexii_item_surrounded_by_moat, uniq_robin
D:4:      layout_loops_cross, xom_butterflies,
          minmay_temple_entry_gardened_gates, uniq_ijyb
D:5:      minmay_evil_eye, layout_rooms
D:6:      layout_gridville, chequers_serial_rivers_marsh
D:7:      cheibrodos_helix_gallery, layout_basic, fedhas_bush_and_centaur_altar,
          lemuel_tele_altar, ebering_ghost_xom, uniq_pikel
D:8:      layout_rooms, minitemple, lair_entry_dummy, minivault_22,
          blue_anna_alchemist
D:9:      layout_basic, hellmonk_ghost_happy_afterlife
D:10:     layout_long_grid, nicolae_eternal_life
D:11:     layout_loops_corners, nicolae_qazlal_general_emergency
D:12:     layout_big_octagon, minmay_orc_entry_temple_large, serial_shops,
          kennysheep_mini
D:13:     layout_basic
D:14:     minmay_elf_outpost, layout_irregular_city, david_vaults_3,
          serial_park_tiny_2, uniq_jorgrun
D:15:     hangedman_depths_entry_try_elsewhere_first, layout_cave_pools,
          nicolae_benzene_ring, serial_shops, shop_fountains
Temple:   minmay_freezing_vapour_temple
Lair:1:   layout_misc_corridors
Lair:2:   layout_regular_city, minmay_snake_entry_guardpost_large,
          grunt_forest_large_clearings, uniq_amaemon
Lair:3:   layout_long_grid, minmay_swamp_entry_worms, bh_autumn_forest_stairs,
          chequers_serial_rivers_micro_c, kennysheep_rathole
Lair:4:   layout_regular_city, slime_entry_1, portal_ice_cave_rime,
          infiniplex_staircase_pool_2, serial_bayou_shore_b, grunt_megastairs_1,
          uniq_urug
Lair:5:   hangedman_lair_tendril_chambers, layout_gridlike,
          hangedman_lair_caniforms_friends, dreamdust_gnoll_shepherd
Orc:1:    layout_caves, basic_altar, serial_shops, nicolae_shop_statue_plus,
          nicolae_orc_lost_temple, uniq_snorg, uniq_maurice, uniq_josephine
Orc:2:    st_orc_pillars, layout_caves, basic_altar, uniq_azrael
Abyss:2:  base:
D:7

Skill      XL: |  1  2  3  4  5  6  7  8  9 10 11 12 13 14 15 |
---------------+----------------------------------------------+-----
Dodging        | 2 3 4 5 6 |  6.4
Spellcasting   | 3 4 5 6 7 8 10 11 12 13 14 | 14.1
Stealth        | 2 3 |  3.2
Fire Magic     | 4 5 7 9 10 11 13 14 15 16 | 16.4
Conjurations   | 2 3 4 5 6 7 8 |  8.7
Fighting       | 1 2 3 4 |  4.1
Polearms       | 1 2 3 |  3.7
Air Magic      | 3 5 7 8 9 |  9.6
Summonings     | 1 3 |  3.0
Invocations    | 3 5 6 8 9 |  9.1
Shields        | 1 3 |  3.4
Hexes          | 1 |  1.7
Long Blades    | 3 |  3.9
Ranged Weapons | 3 |  3.0
Short Blades   | |  0.6
Maces & Flails | |  0.3
Evocations     | |  0.1

Action                   |  1- 3 |  4- 6 |  7- 9 | 10-12 | 13-15 || total
-------------------------+-------+-------+-------+-------+-------++-------
Melee: Unarmed           |     3 |       |       |       |       ||     3
       Flail             |    35 |       |       |       |       ||    35
       Dagger            |     6 |    73 |       |       |       ||    79
       Tailslap          |     1 |     9 |    20 |    23 |   172 ||   225
       Spear             |       |     6 |   175 |    93 |   654 ||   928
       Punch             |       |       |     3 |       |       ||     3
       Double sword      |       |       |       |       |   232 ||   232
 Fire: Shortbow          |       |       |       |       |    96 ||    96
Throw: Javelin           |       |       |       |       |     3 ||     3
       Dart              |       |       |       |       |     1 ||     1
 Cast: Foxfire           |    83 |   184 |   219 |   341 |   910 ||  1737
       Scorch            |       |       |    61 |   141 |   268 ||   470
       Flame Wave        |       |       |     1 |    32 |    93 ||   126
       Shock             |       |       |       |    19 |    26 ||    45
       Slow              |       |       |       |     6 |    25 ||    31
       Airstrike         |       |       |       |     4 |    34 ||    38
       Starburst         |       |       |       |       |    11 ||    11
       Fireball          |       |       |       |       |    11 ||    11
       Inner Flame       |       |       |       |       |     5 ||     5
       Dazzling Flash    |       |       |       |       |     9 ||     9
Invok: Upheaval          |       |       |     1 |       |       ||     1
       Elemental Force   |       |       |       |       |     4 ||     4
       Disaster Area     |       |       |       |       |     1 ||     1
 Abil: Breathe Lightning |       |       |     3 |     1 |     2 ||     6
Evoke: Wand              |       |     1 |       |     1 |     1 ||     3
       Piece from Xom's  |       |     1 |       |       |     2 ||     3
  Use: Potion            |     1 |     7 |     2 |     3 |     8 ||    21
       Scroll            |     1 |     7 |     4 |    10 |     6 ||    28
 Stab: Sleeping          |     1 |     2 |       |       |       ||     3
Armor: Skin              |    51 |    64 |   117 |   149 |   797 ||  1178
Dodge: Dodged            |    96 |    86 |   132 |   187 |   987 ||  1488
       Repelled          |       |       |       |     1 |    14 ||    15
Block: Other             |       |       |    21 |    11 |    59 ||    91
       Reflection        |       |       |     2 |     1 |       ||     3
       Orb               |       |       |       |    48 |   369 ||   417
